 Dungeon Crawl Stone Soup version 0.25.1-4-g9407a263a5 (webtiles) character file.

Game seed: 2717329413992246203

107 Clowwww the Chopper (level 4, -7/34 HPs)
             Began as a Demonspawn Gladiator on Nov 27, 2020.
             Blown up by Ijyb (14 damage)
             ... with a disintegration bolt
             ... on level 3 of the Dungeon.
             The game lasted 00:05:36 (2284 turns).

Clowwww the Chopper (Demonspawn Gladiator)          Turns: 2284, Time: 00:05:37

Health: -7/34      AC:  6    Str: 15    XL:     4   Next: 56%
Magic:  4/4        EV: 12    Int: 10    God:
Gold:   89         SH:  3    Dex: 14    Spells: 3/3 levels left

rFire    + . .     SeeInvis .   a - +0 war axe
rCold    . . .     Gourm    .   n - +0 buckler
rNeg     . . .     Faith    .   b - +0 leather armour
rPois    .         Spirit   .   c - +0 helmet
rElec    .         Reflect  .   (no cloak)
rCorr    .         Harm     .   (no gloves)
MR       .....                  (no boots)
Stlth    +.........             (no amulet)
HPRegen  0.11/turn              (no ring)
MPRegen  0.09/turn              (no ring)

@: no status effects
A: iridescent scales 1, fire resistance 1
a: no special abilities


You were on level 3 of the Dungeon.
You were not hungry.

You visited 1 branch of the dungeon, and saw 3 of its levels.

You collected 89 gold pieces.

Inventory:

Hand Weapons
 a - a +0 war axe (weapon)
Missiles
 d - 3 throwing nets (quivered)
Armour
 b - a +0 leather armour (worn)
 c - a +0 helmet (worn)
 i - a cursed +0 chain mail
 n - a +0 buckler (worn)
Jewellery
 p - an uncursed amulet of the acrobat {unknown}
Scrolls
 h - a scroll of remove curse
Potions
 e - 4 potions of flight {unknown}
 g - a potion of stabbing {unknown}
 j - a potion of heal wounds {unknown}
Comestibles
 f - 3 rations
 o - 3 chunks of flesh


   Skills:
 + Level 2.4 Fighting
 + Level 3.7 Axes
 + Level 1.8 Throwing
 + Level 1.1 Armour
 + Level 3.5 Dodging
 + Level 0.1 Shields


You had 3 spell levels left.
You didn't know any spells.
Your spell library was empty.

Dungeon Overview and Level Annotations

Branches:
Dungeon (3/15)

Altars:
Zin
The Shining One

Annotations:
D:3 Ijyb


Innate Abilities, Weirdness & Mutations

You are partially covered in iridescent scales. (AC +2)
Your flesh is heat resistant. (rF+)


Message History

Ijyb the Twisted Goblin comes into view.
She is wielding a +0 club and carrying a wand of disintegration (14).
Ijyb shouts!
There is an open door here.
You don't know any spells.
You don't know any spells.
Press: ? - help, v - describe, . - travel The floor.
Ijyb hits you with a +0 club.
There is an open door here.
Your shield and leather armour prevent you from hitting Ijyb.
Ijyb barely misses you.
You hit Ijyb.
Ijyb is moderately wounded.
Ijyb zaps a wand.
You are blasted!
Ouch! That really hurt!
* * * LOW HITPOINT WARNING * * *
You slash Ijyb!
Ijyb is heavily wounded.
Ijyb zaps a wand.
You are blasted!
You die...

#########.....#
#...รท.........#
########'#########...#
#..........# ...#
#..........# ####
#..........#########
#....[..............
#...................
########@#..........
.......g#..........
#########..........
#..........
#..........
#..........
#..........
#..........
#..........


You could see Ijyb.

Vanquished Creatures
  3 adders (D:2)
  An ooze (D:2)
  A worm (D:2)
  6 dart slugs
  A leopard gecko (D:2)
  3 giant cockroaches
  5 goblins
  7 hobgoblins
  9 jackals
  2 quokkas (D:2)
  3 bats
  2 frilled lizards
  5 kobolds
  12 rats
60 creatures vanquished.

Notes
Turn   | Place    | Note
-------+----------+-------------------------------------------
     0 | D:1      | Clowwww the Demonspawn Gladiator began the quest for the
                  | Orb.
     0 | D:1      | Reached XP level 1. HP: 16/16 MP: 1/1
   316 | D:1      | Gained mutation: Your flesh is heat resistant. (rF+)
                  | [demonic ancestry]
   316 | D:1      | Reached XP level 2. HP: 22/22 MP: 2/2
   726 | D:1      | Gained mutation: You are partially covered in iridescent
                  | scales. (AC +2) [demonic ancestry]
   726 | D:1      | Reached XP level 3. HP: 26/27 MP: 3/3
  1193 | D:2      | Reached XP level 4. HP: 32/34 MP: 4/4
  1290 | D:2      | Found a glowing golden altar of the Shining One.
  1405 | D:2      | Found a glowing silver altar of Zin.
  1780 | D:2      | Reached skill level 1 in Armour
  2275 | D:3      | Noticed Ijyb
  2284 | D:3      | Blown up by Ijyb

Illustrated notes

Levels and vault maps discovered:
D:1:      saegor_arrival_miasma, layout_basic
D:2:      layout_basic, zin_academy, nicolae_tso_carved_into_rock
D:3:      layout_basic, minmay_misc_feat_five, uniq_ijyb

Skill      XL: |  1  2  3  4 |
---------------+-------------+-----
Dodging        | 3 |  3.5
Axes           | 3 |  3.7
Armour         | 1 |  1.1
Fighting       | |  2.4
Throwing       | |  1.8
Shields        | |  0.1

Action                   |  1- 3 |  4- 6 || total
-------------------------+-------+-------++-------
Melee: War axe           |    99 |    85 ||   184
  Use: Scroll            |       |     4 ||     4
  Eat: Chunk             |     1 |     4 ||     5
Armor: Leather armour    |    35 |    35 ||    70
Dodge: Dodged            |    90 |    53 ||   143
Block: Buckler           |       |    13 ||    13
